 Dungeon Crawl Stone Soup version 0.29-a0-1027-gcd8c55af63 (webtiles) character file.

Game seed: 8540893126469183736

4783 greenreed the Basher (level 10, -5/88 HPs)
             Began as a Minotaur Monk on Aug 12, 2022.
             Slain by an orc warrior
             ... wielding a +0 battleaxe
              (7 damage)
             ... while petrified by a catoblepas
             ... on level 8 of the Dungeon.
             The game lasted 00:21:27 (7741 turns).

greenreed the Basher (Minotaur Monk)                Turns: 7741, Time: 00:21:27

Health: -5/88      AC: 13    Str: 26    XL:     10   Next: 23%
Magic:  9/9        EV:  2    Int:  7    God:
Gold:   556        SH:  0    Dex: 13    Spells: 9/9 levels left

rFire   . . .      SeeInvis .   S - +2 morningstar
rCold   . . .      Faith    .   (no shield)
rNeg    + + +      Spirit   .   e - +0 chain mail
rPois   ∞          Reflect  .   (helmet restricted)
rElec   .          Harm     .   (no cloak)
rCorr   .          Rampage  .   k - +0 pair of gloves
Will    +....                   (no boots)
Stlth   ..........              (no amulet)
HPRegen 0.24/turn               i - +6 ring of strength
MPRegen 0.11/turn               u - ring of willpower

@: petrified, on berserk cooldown, slowed
A: horns 2, retaliatory headbutt
a: no special abilities


You were on level 8 of the Dungeon.
You visited 1 branch of the dungeon, and saw 9 of its levels.

You collected 556 gold pieces.

Inventory:

Hand Weapons
 a - a +0 mace
 r - a +0 morningstar
 J - a +1 whip of holy wrath
 S - a +2 morningstar (weapon)
Missiles
 s - 2 silver boomerangs
 v - 3 atropa-tipped darts (quivered)
 R - 2 poisoned darts
Armour
 b - a +0 robe
 e - a +0 chain mail (worn)
 k - a +0 pair of gloves (worn)
Jewellery
 i - a +6 ring of strength (left hand)
 n - a ring of protection from fire
 t - a ring of ice
 u - a ring of willpower (right hand)
 y - a ring of protection from fire
 K - a +4 ring of evasion
 L - a ring of wizardry
Wands
 z - a wand of light (4)
 D - a wand of flame (18)
 H - a wand of digging (2)
 M - a wand of mindburst (29)
 P - a wand of iceblast (13)
Scrolls
 h - 6 scrolls of teleportation
 j - a scroll of magic mapping {unknown}
 l - a scroll of silence {unknown}
 m - 2 scrolls of amnesia
 o - a scroll of torment {unknown}
 p - 2 scrolls of blinking {unknown}
 q - a scroll of poison {unknown}
 w - 2 scrolls of noise {unknown}
 x - 5 scrolls of identify {unknown}
 N - a scroll of immolation {unknown}
 T - a scroll of vulnerability {unknown}
Potions
 c - a potion of ambrosia
 d - 8 potions of curing {unknown}
 f - 3 potions of haste {unknown}
 g - a potion of magic {unknown}
 A - a potion of degeneration {unknown}
 B - 2 potions of flight {unknown}
 E - a potion of heal wounds {unknown}
 F - a potion of invisibility {unknown}
 G - a potion of lignification {unknown}
 I - 2 potions of mutation {unknown}
 O - a potion of attraction {unknown}
 Q - a potion of experience {unknown}
 U - 2 potions of might {unknown}


   Skills:
 + Level 7.9 Fighting
 + Level 12.7 Maces & Flails
 + Level 0.4 Throwing
 + Level 10.0 Armour
 + Level 4.6 Dodging
 + Level 2.7 Stealth
 + Level 0.1 Evocations


You had 9 spell levels left.
You didn't know any spells.
Your spell library contained the following spells:

 Spells                   Type           Power      Damage    Failure   Level
 Apportation              Tloc           0%         N/A       91%         1
 Freeze                   Ice            0%         1d3       91%         1
 Necrotise                Necr           0%         1d4       91%         1
 Slow                     Hex            0%         N/A       91%         1
 Summon Small Mammal      Summ           0%         N/A       91%         1
 Confusing Touch          Hex            0%         N/A       100%        3
 Frozen Ramparts          Ice            0%         1d1       100%        3
 Ignite Poison            Fire/Tmut/Pois 0%         N/A       100%        3
 Inner Flame              Hex/Fire       0%         N/A       100%        3
 Mephitic Cloud           Conj/Pois/Air  0%         N/A       100%        3
 Ozocubu's Armour         Ice            0%         N/A       100%        3
 Vampiric Draining        Necr           0%         2d6       100%        3
 Cause Fear               Hex            0%         N/A       100%        4
 Hailstorm                Conj/Ice       0%         3d3       100%        4
 Freezing Cloud           Conj/Ice/Air   0%         6-21      100%        5
 Conjure Ball Lightning   Conj/Air       0%         3x3d6     100%        6
 Ozocubu's Refrigeration  Ice            0%         4d7       100%        7
 Discord                  Hex            0%         N/A       100%        8
 Disjunction              Tloc           0%         N/A       100%        8


Dungeon Overview and Level Annotations

Branches:
Dungeon (9/15)             Temple (0/1) D:6
   Lair: D:8-11         Orc: D:9-12

Altars:
Fedhas
Kikubaaqudgha

Shops:
D:4 (


Innate Abilities, Weirdness & Mutations

You have a pair of horns on your head.
You reflexively headbutt those who attack you in melee.


Message History

The purple ugly thing is engulfed in calcifying dust.
The purple ugly thing is moving more slowly.
The purple ugly thing stings you!
* * * LOW HITPOINT WARNING * * *
The two-headed ogre is engulfed in calcifying dust.
The two-headed ogre stops moving altogether!
Items here: )))) [[[ ÷÷.
Unknown command.
As you read the scroll labelled OMAT QUCUS, it crumbles to dust.
You feel strangely unstable.
It was a scroll of teleportation.
The purple ugly thing is engulfed in calcifying dust.
The purple ugly thing stops moving altogether!
The purple ugly thing is engulfed in calcifying dust.
You have turned to stone.
The catoblepas breathes a plume of calcifying dust at you.
The blast of calcifying dust hits the purple ugly thing.
The blast of calcifying dust hits you but does no damage.
The purple ugly thing is engulfed in calcifying dust.
You are engulfed in calcifying dust.
The catoblepas breathes a plume of calcifying dust at you.
The blast of calcifying dust hits the purple ugly thing!
The blast of calcifying dust hits you but does no damage.
The purple ugly thing is engulfed in calcifying dust.
You are engulfed in calcifying dust.
Your surroundings suddenly seem different.
The orc warrior hits you with a +0 battleaxe!
* * * LOW HITPOINT WARNING * * *
The orc warrior hits you with a +0 battleaxe.
* * * LOW HITPOINT WARNING * * *
The orc hits you but does no damage.
The orc warrior hits you with a +0 battleaxe.
* * * LOW HITPOINT WARNING * * *
The orc hits you but does no damage.
The orc warrior hits you with a +0 battleaxe!
* * * LOW HITPOINT WARNING * * *
The orc hits you with a +0 war axe.
* * * LOW HITPOINT WARNING * * *
The orc wizard shouts!
The orc warrior hits you with a +0 battleaxe!
You die...

#......# #.......#
# ######.#
#.......# # #.#
#.......# #
########.......#
##.....#####....#
#......'o #####
#......##. .####
#..o...##.####....
#))@...##........#
#<).o)..##.......#
#)......##.......#
#.#####.##.......#
#.# #.##.......#
.^# #)##.......#
#### #)####'#'###
#))....#.#####
#......#......


You could see an orc warrior, an orc wizard and an orc.

Vanquished Creatures
  A two-headed ogre (D:8)
  A catoblepas (D:8)
  A slime creature (D:8)
  Sigmund (D:4)
  A steam dragon (D:7)
  A water moccasin (D:5)
  A black bear (D:7)
  A hornet zombie (D:5)
  2 orc warriors
  3 ice beasts
  3 ogres
  2 centaurs
  3 phantoms
  A kobold brigand (D:8)
  3 bullfrogs
  2 scorpions
  3 wights (D:8)
  2 jellies
  3 water moccasin skeletons (D:5)
  3 killer bees
  A howler monkey (D:6)
  A bullfrog zombie (D:5)
  2 orc priests (D:8)
  A bullfrog skeleton (D:5)
  2 gnoll boudas (D:7)
  3 hounds
  5 iguanas
  3 orc wizards
  A scorpion zombie (D:5)
  14 gnolls
  7 adders
  4 white imps
  An ufetubus (D:5)
  2 dart slugs
  25 orcs
  7 bats
  2 endoplasms
  A giant cockroach (D:1)
  7 hobgoblins
  3 jackals (D:2)
  7 quokkas
  13 ball pythons
  2 frilled lizards (D:1)
  6 goblins
  12 kobolds
  3 rats (D:1)
173 creatures vanquished.

Vanquished Creatures (others)
  4 plants (D:2)
4 creatures vanquished.

Grand Total: 177 creatures vanquished

Notes
Turn   | Place    | Note
-------+----------+-------------------------------------------
     0 | D:1      | greenreed the Minotaur Monk began the quest for the Orb.
     0 | D:1      | Reached XP level 1. HP: 19/19 MP: 0/0
   166 | D:1      | Reached skill level 4 in Maces & Flails
   166 | D:1      | Reached XP level 2. HP: 21/27 MP: 1/1
   280 | D:1      | Found a faded altar of an unknown god.
   782 | D:2      | Reached XP level 3. HP: 33/33 MP: 2/2
  1327 | D:2      | Found a blossoming altar of Fedhas.
  1500 | D:2      | Reached XP level 4. HP: 39/40 MP: 3/3
  1517 | D:2      | Reached skill level 5 in Maces & Flails
  1988 | D:3      | Reached skill level 1 in Armour
  2443 | D:4      | Noticed an ogre
  2469 | D:4      | Killed an ogre
  2470 | D:4      | Reached XP level 5. HP: 47/47 MP: 4/4
  2549 | D:4      | Noticed Sigmund
  2554 | D:4      | Killed Sigmund
  2555 | D:4      | Reached skill level 5 in Fighting
  2555 | D:4      | Reached skill level 6 in Maces & Flails
  2555 | D:4      | Reached XP level 6. HP: 51/56 MP: 5/5
  3169 | D:4      | Found an ancient bone altar of Kikubaaqudgha.
  3177 | D:4      | Reached XP level 7. HP: 57/61 MP: 6/6
  3194 | D:4      | Found Jawnas's Weapon Emporium.
  3216 | D:4      | Reached skill level 7 in Maces & Flails
  3446 | D:5      | Entered Level 5 of the Dungeon
  3682 | D:5      | Reached skill level 8 in Maces & Flails
  3682 | D:5      | Reached skill level 5 in Armour
  4018 | D:5      | Reached XP level 8. HP: 69/70 MP: 7/7
  4281 | D:5      | Reached skill level 9 in Maces & Flails
  4585 | D:6      | Reached skill level 10 in Maces & Flails
  4890 | D:6      | Found a staircase to the Ecumenical Temple.
  5374 | D:7      | Reached XP level 9. HP: 72/78 MP: 8/8
  5715 | D:7      | Reached skill level 11 in Maces & Flails
  5955 | D:7      | You fall into a shaft and drop 2 floors!
  7334 | D:8      | Noticed a catoblepas
  7354 | D:8      | Killed a catoblepas
  7355 | D:8      | Reached skill level 12 in Maces & Flails
  7355 | D:8      | Reached XP level 10. HP: 41/86 MP: 9/9
  7714 | D:8      | Noticed a two-headed ogre
  7718 | D:8      | Killed a two-headed ogre
  7719 | D:8      | Reached skill level 10 in Armour
  7721 | D:8      | Noticed a catoblepas
  7723 | D:8      | Noticed a two-headed ogre
  7726 | D:8      | Noticed a purple ugly thing
  7740 | D:8      | HP: 3/88 [orc warrior/+0 battleaxe (5)]
  7741 | D:8      | Slain by an orc warrior

Illustrated notes

Levels and vault maps discovered:
D:1:      sevenhm_arrival_forest_fort_large_2, layout_rooms,
          hellmonk_ecumenical_altar_heavens_door
D:2:      wad_woods_tower, layout_loops_corners, basic_altar
D:3:      layout_loops_ring, kennysheep_doodads
D:4:      layout_loops_cross, mainiacjoe_overflow_small_starburst, serial_shops,
          nicolae_shop_stone, uniq_sigmund
D:5:      layout_basic, serial_undead, serial_undead_b, serial_undead_a,
          serial_undead_d, serial_undead_f
D:6:      layout_loops_cross, minmay_temple_entry_offerings, minmay_circle_x
D:7:      layout_basic
D:8:      layout_basic, minmay_misc_feat_more_columns, minmay_evil_grid
D:9:      layout_basic, minmay_bent

Skill      XL: |  1  2  3  4  5  6  7  8  9 10 |
---------------+-------------------------------+-----
Maces & Flails | 4 5 6 8 10 12 | 12.7
Fighting       | 4 5 6 7 |  7.9
Armour         | 2 4 5 7 9 10 | 10.0
Stealth        | 2 |  2.7
Dodging        | 4 |  4.6
Throwing       | |  0.4
Evocations     | |  0.1

Action                   |  1- 3 |  4- 6 |  7- 9 | 10-12 || total
-------------------------+-------+-------+-------+-------++-------
Melee: Mace              |    95 |    69 |       |       ||   164
       Headbutt          |    12 |    20 |    51 |     6 ||    89
       Punch             |       |     1 |     7 |       ||     8
       Morningstar       |       |    14 |   251 |    16 ||   281
       Whip              |       |       |    14 |       ||    14
Throw: Dart              |       |     2 |       |       ||     2
Evoke: Wand              |       |       |     1 |       ||     1
  Use: Potion            |       |       |     2 |     1 ||     3
       Scroll            |       |       |       |     2 ||     2
 Stab: Invisible         |       |     1 |       |       ||     1
       Petrified         |       |       |       |     1 ||     1
Armor: Chain mail        |    53 |    34 |   139 |    10 ||   236
Dodge: Dodged            |    64 |    48 |   146 |     6 ||   264

Table legend: (Time is in decaauts)
 A = Elapsed time spent in this place.
 B = Non-inter-level travel time spent in this place.
 C = Inter-level travel time spent in this place.
 D = Time resting spent in this place.
 E = Time spent auto-exploring this place.
 F = Levels seen in this place.
 G = Mean time per level.
                   A        B        C        D        E       F      G
               +--------+--------+--------+--------+--------+-----+--------+
         Total |   7766 |   7565 |    201 |    936 |   5400 |   9 |  862.9 |
       Dungeon |   7766 |   7565 |    201 |    936 |   5400 |   9 |  862.9 |
               +--------+--------+--------+--------+--------+-----+--------+

Top non-repeatable levels by time:
     D:7: 1245 daAuts
     D:4: 1052 daAuts
     D:2: 1032 daAuts
     D:6: 1015 daAuts
     D:8: 1011 daAuts
     D:5: 980 daAuts
     D:1: 767 daAuts
     D:3: 620 daAuts
     D:9: 40 daAuts
